AoeStats
← SellickSquare

Arabia

509959993Analyzed
1v1 RM · 2d ago on Sep 28, 2026· 66m 19s· 2 players
Game mode
Random Map
Map size
Tiny (2 player)
Population
200
Speed
Normal
Resources
Standard
Victory
Conquest
Starting age
Dark Age
Ending age
Imperial Age
RankedLock teamsTeams togetherTeam positionsShared explorationLock speedFull tech treeHidden civsTurbo modeCheats
Victory
Defeat
🇬🇧 Mongols · United Kingdom
1173
+16
🇦🇷 Lithuanians · Argentina
1180
-16
SellickSquare
8:52 Feudal Age
7:08 Loom
9:31 Double-Bit Axe
11:16 Wheelbarrow
10:25 Horse Collar
14:25 Town Watch
15:01 Gold Mining
18:45 Castle Age
17:24 Bloodlines
19:32 Scale Barding Armor
19:30 Husbandry
18:57 Light Cavalry
20:14 Bow Saw
21:00 Chain Barding Armor
23:09 Forging
23:37 Heavy Plow
25:23 Iron Casting
30:08 Fletching
31:45 Hand Cart
36:32 Stone Mining
37:21 Gold Shaft Mining
39:44 Imperial Age
40:07 Ballistics
39:58 Masonry
39:43 Murder Holes
39:53 Devotion
39:58 Cavalier
42:00 Blast Furnace
42:52 Conscription
43:24 Bodkin Arrow
43:31 Padded Archer Armor
45:55 Bracer
46:20 Leather Archer Armor
47:30 Elite Mangudai
52:43 Chemistry
53:58 Hussar
55:57 Stone Shaft Mining
56:00 Town Patrol
57:09 Hoardings
MedicenelMago
6:32 Loom
9:17 Feudal Age
9:59 Double-Bit Axe
10:27 Horse Collar
11:19 Town Watch
21:02 Castle Age
20:07 Bloodlines
20:04 Scale Barding Armor
20:55 Wheelbarrow
24:10 Gold Mining
24:53 Bow Saw
27:03 Forging
28:26 Chain Barding Armor
28:53 Iron Casting
28:17 Gold Mining
29:45 Pikeman
31:03 Scale Mail Armor
31:22 Husbandry
35:45 Chain Mail Armor
43:50 Imperial Age
42:06 Chain Barding Armor
42:55 Fletching
45:16 Plate Barding Armor
44:07 Cavalier
45:17 Bodkin Arrow
49:53 Halberdier
50:39 Padded Archer Armor
51:38 Elite Skirmisher
52:37 Leather Archer Armor
53:37 Chemistry
54:24 Bracer
54:46 Ballistics
58:49 Hand Cart
59:02 Conscription
60:12 Capped Ram
63:35 Tower Shields
64:05 Squires
63:51 Arson
64:38 Ring Archer Armor
64:18 Thumb Ring
65:39 Masonry
65:48 Light Cavalry
Connection lost

Rejoining the realm…

Still unreachable

The connection could not be restored.

Session expired

The server has moved on; the page needs a fresh start.